 Dungeon Crawl Stone Soup version 0.30-a0-782-ge64f9170bb (webtiles) character file.

Game seed: 9938595000710186891

6689 HoaS the Marksgargoyle (level 11, -1/57 HPs)
             Began as a Gargoyle Hunter on Mar 11, 2023.
             Was a Priest of Zin.
             Slain by a troll (9 damage)
             ... on level 10 of the Dungeon.
             The game lasted 00:22:45 (8624 turns).

HoaS the Marksgargoyle (Gargoyle Hunter)            Turns: 8624, Time: 00:22:46

Health: -1/57      AC: 20    Str: 15    XL:     11   Next: 3%
Magic:  4/4        EV: 17    Int: 12    God:    Zin [***...]
Gold:   289        SH:  0    Dex: 17    Spells: 10/10 levels left

rFire   . . .      SeeInvis .    s - +3 arbalest of Vengeance {antimagic, Fly Int+2}
rCold   . . .      Faith    .    (shield currently unavailable)
rNeg    + . .      Spirit   .    i - +0 steam dragon scales
rPois   ∞          Reflect  .    t - +0 helmet
rElec   +          Harm     .    (no cloak)
rCorr   .          Rampage  .    g - +0 pair of gloves
Will    .....                    a - +0 pair of boots
Stlth   ++                       (no amulet)
HPRegen 0.29/turn                j - +5 ring of evasion
MPRegen 0.09/turn                o - +4 ring of protection

@: about to teleport, flying
A: sickness immunity, AC +8, negative energy resistance 1, electricity
resistance, torment resistance 1, petrification resistance
a: Renounce Religion, Recite, Vitalisation, Imprison, Donate Gold


You were on level 10 of the Dungeon.
You worshipped Zin.
Zin was most pleased with you.
You visited 2 branches of the dungeon, and saw 11 of its levels.

You collected 595 gold pieces.
You spent 247 gold pieces at shops.
You donated 59 gold pieces to Zin.

Inventory:

Hand Weapons
 s - the +3 arbalest of Vengeance (weapon) {antimagic, Fly Int+2}
   (You bought it in a shop on level 10 of the Dungeon)

   Int:       It affects your intelligence (+2).
   Fly:       It grants you flight.
 v - a +0 arbalest
Missiles
 r - 4 throwing nets
Armour
 a - a +0 pair of boots (worn)
 g - a +0 pair of gloves (worn)
 i - +0 steam dragon scales (worn)
 t - a +0 helmet (worn)
Jewellery
 j - a +5 ring of evasion (left hand)
 o - a +4 ring of protection (right hand)
 u - a ring of ice
Wands
 m - a wand of flame (15)
 n - a wand of iceblast (37)
 q - a wand of digging (5)
Scrolls
 b - a scroll of immolation
 c - 3 scrolls of fog
 d - 8 scrolls of identify
 x - a scroll of fear {unknown}
Potions
 e - 4 potions of resistance
 f - a potion of cancellation
 k - a potion of haste
 l - 2 potions of attraction
 w - 3 potions of flight


   Skills:
 - Level 2.1 Fighting
 * Level 16.0 Ranged Weapons
 - Level 1.5 Dodging
 - Level 1.1 Stealth
 - Level 4.5 Invocations


You had 10 spell levels left.
You didn't know any spells.
Your spell library contained the following spells:

 Spells                   Type           Power      Damage    Failure   Level
 Ensorcelled Hibernation  Hex/Ice        0%         N/A       45%         2
 Passwall                 Tmut/Erth      0%         N/A       45%         2
 Call Canine Familiar     Summ           0%         N/A       69%         3
 Hailstorm                Conj/Ice       0%         3d3       69%         3
 Portal Projectile        Hex/Tloc       0%         N/A       69%         3
 Swiftness                Air            0%         N/A       69%         3
 Airstrike                Air            0%         2d(0-16)  97%         4
 Ice Form                 Ice/Tmut       0%         N/A       97%         4
 Leda's Liquefaction      Hex/Erth       0%         N/A       97%         4
 Passage of Golubria      Tloc           0%         N/A       97%         4
 Summon Lightning Spire   Summ/Air       0%         N/A       97%         4
 Lightning Bolt           Conj/Air       0%         1d11      100%        5
 Silence                  Hex/Air        0%         N/A       100%        5
 Simulacrum               Ice/Necr       0%         N/A       100%        6
 Lehudib's Crystal Spear  Conj/Erth      0%         10d2      100%        8


Dungeon Overview and Level Annotations

Branches:
Dungeon (10/15)            Temple (1/1) D:7             Orc (0/2) D:10
   Lair: D:8-11

Altars:
Ashenzari
Cheibriados
Dithmenos
Elyvilon
Fedhas
Gozag
Hepliaklqana
Kikubaaqudgha
Makhleb
Nemelex Xobeh
Okawaru
Qazlal
Ru
Sif Muna
Trog
Uskayaw
Vehumet
Wu Jian
Xom
Yredelemnul
Zin
The Shining One

Shops:
D:8 (   D:10 (

Annotations:
D:10 3 runed translucent doors, hackum's ghost, journeyman FoHu


Innate Abilities, Weirdness & Mutations

You are immune to sickness and miasma.
Your stone body is resilient. (AC +8)
You are immune to poison.
You resist negative energy. (rN+)
You are resistant to electric shocks. (rElec)
You are resistant to unholy torment.
You are immune to petrification.


Message History

You have reached level 11!
You shoot a bolt. The bolt hits the yak!!
The yak is heavily wounded.
The yak gores you!
* * * LOW HITPOINT WARNING * * *
You shoot a bolt. The bolt hits the yak!
The yak is almost dead.
The yak gores you.
* * * LOW HITPOINT WARNING * * *
You shoot a bolt. The bolt closely misses the yak.
The bolt hits the troll!
The troll is moderately wounded.
The yak closely misses you.
You feel better. The yak gores you but does no damage.
You feel better. The yak gores you!
* * * LOW HITPOINT WARNING * * *
You shoot a bolt. The bolt barely misses the yak.
The bolt hits the troll.
The troll is heavily wounded.
The yak barely misses you.
You shoot a bolt. The bolt hits the yak.
The yak is severely wounded.
The yak completely misses you.
You shoot a bolt. The bolt hits the yak.
The yak is almost dead.
The yak misses you.
You shoot a bolt. The bolt hits the yak!
You kill the yak!
An orc warrior comes into view. It is wielding a +0 glaive.
The troll bites you but does no damage. The troll closely misses you.
The troll misses you.
Your Ranged Weapons skill increases to level 16!
You shoot a bolt. The bolt hits the troll!
The troll is severely wounded.
The troll bites you.
* * * LOW HITPOINT WARNING * * *
The troll misses you. x2
As you read the scroll of teleportation, it crumbles to dust.
You feel strangely unstable. The troll bites you.
* * * LOW HITPOINT WARNING * * *
The troll barely misses you. The troll claws you!
You die...

.....P #.....#.# #####.##
..P...+ #P†.....# #..#
#..P.P####.P...# ####
##...P......†..P## ###
#..P...†..Po.....###########..
#..P.P...P................∩...
#.......P....l...#########.#..
#..........#T#.## #.##.
#.....h.####@### #.##.
####.Y### ##.## #.### #''#
#..†##### #.# # .....
#.#.†...# #.### ........
#...###.# #.... ###.###..#
##### #.# ##### Y# ..# #.# #
.. h.# #.# # .. ..#########.#
#


You could see a komodo dragon, a troll and an orc warrior.

Vanquished Creatures
  A two-headed ogre (D:10)
  A kobold demonologist (D:10)
  A troll (D:9)
  Sigmund (D:3)
  9 yaks
  Eustachio (D:6)
  A steam dragon (D:8)
  Edmund (D:6)
  2 water moccasins
  Duvessa (D:7)
  4 orc warriors
  2 black bears
  3 bullfrogs
  6 kobold brigands
  2 necrophages (D:6)
  A gnoll sergeant (D:7)
  5 scorpions
  Dowan (D:7)
  11 killer bees
  2 howler monkeys
  8 hounds
  9 orc priests
  A jelly (D:5)
  A gnoll bouda (D:9)
  3 iguanas
  7 orc wizards
  16 gnolls
  8 adders
  2 shadow imps
  2 ufetubi
  3 worms
  A dart slug (D:1)
  42 orcs
  2 ball pythons
  7 bats
  11 endoplasms
  4 giant cockroaches
  5 goblins
  6 hobgoblins
  5 jackals
  37 kobolds
  5 quokkas
  4 frilled lizards
  7 rats
252 creatures vanquished.

Vanquished Creatures (others)
  7 fungi (D:10)
  11 plants (D:10)
18 creatures vanquished.

Grand Total: 270 creatures vanquished

Notes
Turn   | Place    | Note
-------+----------+-------------------------------------------
     0 | D:1      | HoaS the Gargoyle Hunter began the quest for the Orb.
     0 | D:1      | Reached XP level 1. HP: 12/12 MP: 1/1
    59 | D:1      | Reached XP level 2. HP: 15/17 MP: 2/2
   334 | D:1      | Reached XP level 3. HP: 21/21 MP: 3/3
   350 | D:1      | Reached skill level 5 in Ranged Weapons
   599 | D:1      | You fall into a shaft and drop 1 floor!
   661 | D:2      | Identified the +1 ring mail "Forget-Me-Not" {Str+4}
   726 | D:2      | Found a stormy altar of Qazlal.
   878 | D:2      | Reached XP level 4. HP: 22/26 MP: 4/4
   902 | D:2      | Identified the +1 dagger "Orauda" {freeze, rPois Str+3
                  | Stlth-}
  1414 | D:3      | Found a bloodstained altar of Trog.
  1510 | D:3      | Reached skill level 6 in Ranged Weapons
  1511 | D:3      | Found a radiant altar of Vehumet.
  1552 | D:3      | Reached XP level 5. HP: 17/30 MP: 5/5
  1806 | D:3      | Noticed Sigmund
  1813 | D:3      | Killed Sigmund
  1814 | D:3      | Reached skill level 7 in Ranged Weapons
  1814 | D:3      | Reached XP level 6. HP: 35/35 MP: 6/6
  1842 | D:3      | Found a burning altar of Makhleb.
  1849 | D:3      | Identified the +1 robe of Defence {rF+ Will++ Int-3 Stlth+}
  2122 | D:4      | Reached skill level 8 in Ranged Weapons
  2122 | D:4      | Reached XP level 7. HP: 40/40 MP: 7/7
  2208 | D:4      | Found a basalt altar of Yredelemnul.
  2454 | D:4      | Reached skill level 9 in Ranged Weapons
  3075 | D:5      | Entered Level 5 of the Dungeon
  3143 | D:5      | Found a hide-covered altar of Uskayaw.
  3178 | D:5      | Reached XP level 8. HP: 37/44 MP: 8/8
  3210 | D:5      | Found a snail-covered altar of Cheibriados.
  3726 | D:6      | Reached skill level 10 in Ranged Weapons
  3744 | D:6      | Noticed Eustachio
  3794 | D:6      | Killed Eustachio
  3899 | D:6      | Noticed Edmund
  3912 | D:6      | Killed Edmund
  3913 | D:6      | Reached skill level 11 in Ranged Weapons
  4632 | D:7      | Reached XP level 9. HP: 48/48 MP: 9/9
  4641 | D:7      | Reached skill level 12 in Ranged Weapons
  4658 | D:7      | Found a staircase to the Ecumenical Temple.
  4668 | Temple   | Entered the Ecumenical Temple
  4875 | Temple   | Became a worshipper of Zin the Law-Giver
  4875 | Temple   | Reached * piety under Zin
  5040 | D:7      | Reached skill level 1 in Invocations
  5044 | D:7      | Noticed Dowan
  5049 | D:7      | Noticed Duvessa
  5841 | D:7      | Reached ** piety under Zin
  6031 | D:7      | Killed Duvessa
  6044 | D:7      | Killed Dowan
  6292 | D:7      | Reached skill level 13 in Ranged Weapons
  6792 | D:8      | Found Enliteiz's Antique Weapon Shop.
  6946 | D:9      | Reached *** piety under Zin
  7214 | D:9      | Reached XP level 10. HP: 46/53 MP: 13/13
  7223 | D:9      | Reached skill level 14 in Ranged Weapons
  7719 | D:10     | Entered Level 10 of the Dungeon
  7751 | D:10     | Noticed a two-headed ogre
  7759 | D:10     | Killed a two-headed ogre
  7763 | D:10     | Noticed an orc knight
  7764 | D:10     | Found a staircase to the Orcish Mines.
  7786 | D:9      | Zin protects you from harm!
  7787 | D:9      | HP: 1/53 [orc knight/+1 great sword of electrocution (7)]
  8122 | D:10     | Found a runed translucent gate.
  8124 | D:10     | Found a runed translucent gate.
  8125 | D:10     | Found a runed translucent gate.
  8125 | D:10     | Noticed a four-headed hydra
  8125 | D:10     | Noticed a centaur warrior
  8126 | D:10     | Noticed hackum's ghost (journeyman FoHu)
  8131 | D:10     | Noticed a kobold demonologist
  8170 | D:10     | Reached skill level 15 in Ranged Weapons
  8410 | D:10     | Found Rojinod's Antique Weapon Shoppe.
  8418 | D:10     | Bought an iridescent arbalest for 247 gold pieces
  8418 | D:10     | Identified the +3 arbalest of Vengeance {antimagic, Fly
                  | Int+2} (You bought it in a shop on level 10 of the Dungeon)
  8602 | D:10     | Noticed a kobold demonologist
  8610 | D:10     | Noticed a sixfirhy
  8613 | D:10     | Killed a kobold demonologist
  8614 | D:10     | Reached XP level 11. HP: 18/57 MP: 4/14
  8623 | D:10     | Reached skill level 16 in Ranged Weapons
  8624 | D:10     | Slain by a troll

Illustrated notes

Levels and vault maps discovered:
D:1:      nicolae_arrival_memento_mori, layout_loops_ring, serial_rivers,
          chequers_serial_rivers_room_a, chequers_serial_rivers_micro_a,
          chequers_serial_rivers_micro_e, chequers_serial_rivers_small_a
D:2:      layout_loops_ring, basic_altar
D:3:      layout_basic, bloody_makhleb, vehumet_crystals,
          mainiacjoe_overflow_catwalk, uniq_sigmund
D:4:      layout_layer_cave, marbit_many_paths, minmay_surrounded
D:5:      layout_loops_ring, mainiacjoe_overflow_catwalk_spiral,
          dreamdust_wishing_well, kennysheep_generic_room_5
D:6:      layout_loops_cross, uniq_edmund, uniq_eustachio
D:7:      layout_basic, minmay_temple_entry_mini_moons, serial_corexii_hall,
          chequers_hall_statues_wall_a, corexii_hall_statues_u,
          chequers_hall_statues_corner_a, corexii_hall_statues_u,
          corexii_hall_statues_l, corexii_hall_statues_s, uniq_duvessa
D:8:      layout_basic, serial_shops, nicolae_shop_advertising_works
          [nicolae_subvault_shop_adworks], serial_bayou_pond_d
D:9:      layout_basic
D:10:     layout_loops_corners, grunt_lair_entry_orc_guard_hut, david_orc_5,
          gammafunk_ghost_split, enter_bailey_3, serial_shops, shop,
          small_statue_alley_a, hangedman_corner_corridor, uniq_joseph
Temple:   eino_temple_rhombus

Skill      XL: |  1  2  3  4  5  6  7  8  9 10 11 |
---------------+----------------------------------+-----
Ranged Weapons | 5 6 7 8 9 11 13 15 16 | 16.0
Invocations    | 4 |  4.5
Fighting       | |  2.1
Dodging        | |  1.5
Stealth        | |  1.1

Action                     |  1- 3 |  4- 6 |  7- 9 | 10-12 || total
---------------------------+-------+-------+-------+-------++-------
  Melee: Shortbow          |       |       |     2 |       ||     2
   Fire: Shortbow          |    90 |   118 |   563 |       ||   771
         Arbalest          |       |       |    53 |   193 ||   246
 Invoke: Recite            |       |       |     1 |     1 ||     2
         Vitalisation      |       |       |     1 |     1 ||     2
    Use: Scroll            |       |     7 |    10 |     3 ||    20
         Potion            |       |       |     5 |     3 ||     8
 Armour: Leather armour    |    16 |    10 |   176 |       ||   202
         Steam dragon scal |       |       |     5 |    41 ||    46
  Dodge: Dodged            |    11 |    45 |   320 |   122 ||   498

Table legend: (Time is in decaauts)
 A = Elapsed time spent in this place.
 B = Non-inter-level travel time spent in this place.
 C = Inter-level travel time spent in this place.
 D = Time resting spent in this place.
 E = Time spent auto-exploring this place.
 F = Levels seen in this place.
 G = Mean time per level.
                   A        B        C        D        E       F      G
               +--------+--------+--------+--------+--------+-----+--------+
         Total |   8661 |   8299 |    362 |   1064 |   5446 |  11 |  787.4 |
       Dungeon |   8409 |   8073 |    336 |   1043 |   5267 |  10 |  840.9 |
        Temple |    252 |    226 |     26 |     21 |    179 |   1 |  252.0 |
               +--------+--------+--------+--------+--------+-----+--------+

Top non-repeatable levels by time:
     D:7: 1456 daAuts
     D:9: 1089 daAuts
     D:4: 1054 daAuts
     D:3: 796 daAuts
     D:6: 761 daAuts
     D:8: 720 daAuts
     D:2: 667 daAuts
     D:5: 646 daAuts
     D:1: 617 daAuts
    D:10: 597 daAuts
  Temple: 252 daAuts
